AoeStats
← ygtykp

QS Arena

503203700Analyzed
1v1 RM · 1mo ago on Aug 30, 2026· 32m 52s· 2 players
Game mode
Random Map
Map size
Tiny (2 player)
Population
200
Speed
Normal
Resources
Standard
Victory
Conquest
Starting age
Dark Age
Ending age
Imperial Age
RankedLock teamsTeams togetherTeam positionsShared explorationLock speedFull tech treeHidden civsTurbo modeCheats
Victory
Defeat
🇹🇷 Bohemians · Türkiye
976
+14
🇩🇪 Bohemians · Germany
937
-14
[Rx3]PLOYPAILIN
9:55 Feudal Age
11:34 Double-Bit Axe
11:36 Horse Collar
14:07 Castle Age
13:53 Wheelbarrow
15:29 Bow Saw
15:24 Heavy Plow
22:14 Hand Cart
22:19 Loom
32:31 Imperial Age
32:03 Chemistry
35:58 Imperial Age
ygtykp
8:01 Feudal Age
12:03 Castle Age
10:22 Loom
10:51 Double-Bit Axe
26:55 Imperial Age
26:16 Fletching
26:27 Padded Archer Armor
28:36 Chemistry
30:08 Chemistry
29:48 Bow Saw
Connection lost

Rejoining the realm…

Still unreachable

The connection could not be restored.

Session expired

The server has moved on; the page needs a fresh start.